AoeStats
← TocToc.Commandeur_Rod

Arabian Desert

509151756Analyzed
1v1 RM · 7d ago on Sep 25, 2026· 34m 5s· 2 players
Game mode
Random Map
Map size
Tiny (2 player)
Population
200
Speed
Normal
Resources
Standard
Victory
Conquest
Starting age
Dark Age
Ending age
Imperial Age
RankedLock teamsTeams togetherTeam positionsShared explorationLock speedFull tech treeHidden civsTurbo modeCheats
Victory
Defeat
🇫🇷 Vikings · France
1507
+15
🇨🇦 Khitans · Canada
1479
-15
DK
6:04 Loom
8:48 Feudal Age
9:34 Double-Bit Axe
15:12 Fletching
16:02 Padded Archer Armor
17:43 Domestication
22:07 Castle Age
20:31 Forging
22:29 Scale Barding Armor
26:38 Iron Casting
28:22 Town Watch
28:42 Husbandry
31:17 Guard Tower
32:07 Chain Barding Armor
32:06 Bodkin Arrow
33:26 Wheelbarrow
TocToc.Commandeur_Rod
6:57 Loom
9:40 Feudal Age
9:42 Man-at-Arms
10:32 Double-Bit Axe
15:35 Horse Collar
19:50 Castle Age
18:45 Padded Archer Armor
18:56 Fletching
18:58 Gold Mining
19:53 Crossbowman
21:07 Bodkin Arrow
23:12 Heavy Plow
22:58 Pikeman
24:45 Scale Mail Armor
28:11 Stone Mining
29:23 Gold Shaft Mining
31:51 Chain Mail Armor
33:04 Forging
Connection lost

Rejoining the realm…

Still unreachable

The connection could not be restored.

Session expired

The server has moved on; the page needs a fresh start.